 Dungeon Crawl Stone Soup version 0.26-a0-852-g6321bf7485 (webtiles) character file.

Game seed: 1224232260346181067

5320 pkoi the Carver (level 10, -2/81 HPs)
             Began as a Minotaur Gladiator on Nov 21, 2020.
             Was a Priest of Okawaru.
             Slain by Urug
             ... wielding a +2 glaive of protection
              (7 damage)
             ... on level 10 of the Dungeon on Nov 23, 2020.
             The game lasted 00:13:40 (10225 turns).

pkoi the Carver (Minotaur Gladiator)               Turns: 10225, Time: 00:13:40

Health: -2/81      AC: 20    Str: 23      XL:     10   Next: 38%
Magic:  10/10      EV: 11    Int:  5      God:    Okawaru [***...]
Gold:   475        SH:  0    Dex: 10 (11) Spells: 9/9 levels left

rFire    + . .     SeeInvis .   a - +4 long sword (pain)
rCold    . . .     Faith    .   (no shield)
rNeg     . . .     Spirit   .   g - +0 plate armour
rPois    +         Reflect  .   c - +1 hat
rElec    .         Harm     .   x - +0 cloak {rPois}
rCorr    .         Rampage  .   (no gloves)
MR       .....                  l - +0 pair of boots
Stlth    ..........             L - amulet of magic regeneration
HPRegen  0.23/turn              I - ring of protection from fire
MPRegen  0.37/turn              (no ring)

@: heroism, studying Throwing
A: retaliatory headbutt, horns 2
a: Heroism, Renounce Religion


You were on level 10 of the Dungeon.
You worshipped Okawaru.
Okawaru was most pleased with you.
You visited 2 branches of the dungeon, and saw 11 of its levels.
You also visited: Ossuary.

You collected 595 gold pieces.
You spent 120 gold pieces at shops.

Inventory:

Hand Weapons
 a - a +4 long sword of pain (weapon)
 b - a +0 arbalest
 h - a +0 long sword
 w - a +2 dagger of venom
Missiles
 d - 3 throwing nets
 i - 22 poisoned darts
 o - 5 atropa-tipped darts (quivered)
 R - 64 bolts
Armour
 c - a +1 hat (worn)
 g - a +0 plate armour (worn)
 l - a +0 pair of boots (worn)
 x - a +0 cloak of poison resistance (worn)
Jewellery
 H - an uncursed amulet of the acrobat
 I - a ring of protection from fire (left hand)
 L - an amulet of magic regeneration (around neck)
Wands
 m - a wand of flame (15)
 y - a wand of iceblast (4)
 z - a wand of polymorph (8)
 J - a wand of random effects (25)
 M - a wand of acid (7)
Scrolls
 f - 2 scrolls of amnesia
 k - 3 scrolls of enchant weapon
 n - 8 scrolls of identify
 t - a scroll of random uselessness
 u - 9 scrolls of remove curse
 A - a scroll of fear
 B - a scroll of magic mapping
 E - 2 scrolls of enchant armour
 Q - 6 scrolls of teleportation
Potions
 e - 2 potions of invisibility {unknown}
 j - 3 potions of lignification {unknown}
 p - 5 potions of haste
 q - a potion of cancellation {unknown}
 r - 2 potions of mutation {unknown}
 s - a potion of ambrosia {unknown}
 v - 4 potions of might {unknown}
 C - a potion of resistance
 D - 2 potions of curing {unknown}
 F - 2 potions of attraction {unknown}
 G - a potion of degeneration {unknown}
 K - a potion of heal wounds {unknown}
 N - 2 potions of berserk rage {unknown}
Books
 O - a manual of Throwing


   Skills:
 - Level 5.5(10.5) Fighting
 - Level 4.1(14.0) Short Blades
 * Level 13.1(18.3) Long Blades
 - Level 0.4(5.4) Crossbows
 + Level 2.3(7.3) Throwing
 + Level 9.2(14.2) Armour
 - Level 5.6(10.6) Dodging
 + Level 2.4 Invocations


You had 9 spell levels left.
You didn't know any spells.
Your spell library contained the following spells:

 Spells                   Type           Power        Failure   Level
 Foxfire                  Conj/Fire      #...         99%         1
 Conjure Flame            Conj/Fire      #.......     100%        3
 Inner Flame              Hex/Fire       #.......     100%        3
 Sticky Flame             Conj/Fire      #.......     100%        4
 Fireball                 Conj/Fire      #.........   100%        5


Dungeon Overview and Level Annotations

Branches:
Dungeon (10/15)            Temple (1/1) D:6             Orc (0/2) D:9
Ossuary (visited)
   Lair: D:8-11

Altars:
Ashenzari
Cheibriados
Dithmenos
Elyvilon
Fedhas
Gozag
Hepliaklqana
Kikubaaqudgha
Makhleb
Nemelex Xobeh
Okawaru
Qazlal
Ru
Sif Muna
Trog
Uskayaw
Vehumet
Wu Jian
Xom
Yredelemnul
Zin
The Shining One

Shops:
D:5 =   D:9 ?*

Annotations:
D:10 Urug


Innate Abilities, Weirdness & Mutations

You reflexively headbutt those who attack you in melee.
You have a pair of horns on your head.


Message History

You hit Urug.
Urug is moderately wounded.
Urug hits you but does no damage.
You slash Urug!
Urug is moderately wounded.
You barely miss Urug. Your headbutt misses Urug.
Urug is moderately wounded.
Urug hits you but does no damage.
You slash Urug! You headbutt Urug, but do no damage.
Urug is heavily wounded.
You slash Urug!
Urug is severely wounded.
Urug hits you with a +2 glaive of protection.
* * * LOW HITPOINT WARNING * * *
You hit Urug but do no damage.
Urug is severely wounded.
You hit Urug. You headbutt Urug, but do no damage.
Urug is severely wounded.
Urug hits you with a +2 glaive of protection!
You die...

#........
#......# #..(...#
#......# #......#
#......######
##'####.(...#
######....#.....#
#..<......#...@.#
#.........#...o.#
#.........#.....#
#.........#.....#
#.........#.....#
#...#######.....#
##+## ......#
.....).#


You could see Urug (resistant).

Vanquished Creatures
  A two-headed ogre (D:8)
  Psyche (D:8)
  A hornet (D:9)
  A troll (D:9)
  Sigmund (D:2)
  2 wyverns
  3 water moccasins
  An ice beast (D:7)
  Duvessa (D:5)
  A black bear (D:9)
  An orc warrior (D:6)
  An eye of draining (D:8)
  3 sky beasts
  2 ogres
  4 centaurs
  2 elf zombies (Ossuary)
  A big kobold (D:7)
  An elf skeleton (D:6)
  2 bullfrogs
  Dowan (D:5)
  A scorpion (D:5)
  A crimson imp (D:6)
  2 human zombies (Ossuary)
  A bullfrog zombie (D:6)
  A quasit (D:9)
  2 centaur zombies (Ossuary)
  A bullfrog skeleton (D:5)
  6 hounds
  2 jellies
  Crazy Yiuf (D:3)
  3 orc priests (D:7)
  8 orc wizards
  3 centaur skeletons
  An iguana (D:4)
  Ijyb (D:3)
  5 worker ants
  3 big kobold zombies (Ossuary)
  3 mummies (Ossuary)
  2 worker ant zombies
  Robin (D:3)
  3 gnolls (D:4)
  8 adders
  A howler monkey skeleton (D:4)
  3 shadow imps
  A white imp (D:6)
  An ooze (D:7)
  4 adder zombies (Ossuary)
  An adder skeleton (D:4)
  A dart slug (D:4)
  8 leopard geckos
  26 orcs
  5 bats
  3 giant cockroaches
  17 goblins
  11 hobgoblins
  16 jackals
  13 kobolds
  A quokka (D:4)
  A ball python (D:2)
  7 frilled lizards
  5 goblin zombies (Ossuary)
  3 hobgoblin zombies (Ossuary)
  2 jackal zombies (Ossuary)
  2 kobold zombies (Ossuary)
  A leopard gecko skeleton (D:5)
  4 orc skeletons (D:6)
  4 orc zombies
  2 quokka zombies (Ossuary)
  4 rats
  7 rat zombies (Ossuary)
244 creatures vanquished.

Notes
Turn   | Place    | Note
-------+----------+-------------------------------------------
     0 | D:1      | pkoi the Minotaur Gladiator began the quest for the Orb.
     0 | D:1      | Reached XP level 1. HP: 18/18 MP: 0/0
   235 | D:1      | Reached skill level 1 in Short Blades
   583 | D:1      | Reached XP level 2. HP: 25/25 MP: 1/1
  1127 | D:2      | Noticed Sigmund
  1527 | D:2      | Reached XP level 3. HP: 17/30 MP: 2/2
  2515 | D:2      | Reached XP level 4. HP: 35/37 MP: 3/3
  2556 | D:2      | Killed Sigmund
  2557 | D:2      | Reached skill level 4 in Long Blades
  2557 | D:2      | Reached skill level 1 in Armour
  2557 | D:2      | Reached XP level 5. HP: 30/45 MP: 4/4
  2874 | D:2      | Found a shimmering blue altar of Sif Muna.
  2973 | D:3      | Noticed Ijyb
  2984 | D:3      | Killed Ijyb
  2985 | D:3      | Reached skill level 5 in Long Blades
  2985 | D:3      | Reached XP level 6. HP: 25/51 MP: 5/5
  3207 | D:3      | Found a glowing golden altar of the Shining One.
  3781 | D:3      | Noticed Robin
  3817 | D:3      | Killed Robin
  3912 | D:3      | Found a runed translucent door.
  3913 | D:3      | Noticed Crazy Yiuf
  3934 | D:3      | Found an ornate altar of the Wu Jian Council.
  3998 | D:3      | Found a hazy altar of Hepliaklqana.
  4072 | D:3      | Killed Crazy Yiuf
  4421 | D:4      | Reached skill level 6 in Long Blades
  4421 | D:4      | Reached XP level 7. HP: 56/59 MP: 6/6
  4735 | D:5      | Entered Level 5 of the Dungeon
  4833 | D:5      | Found Fenots's Jewellery Emporium.
  5149 | D:5      | Noticed Duvessa
  5150 | D:5      | Noticed Dowan
  5159 | D:5      | Killed Duvessa
  5160 | D:5      | Reached skill level 7 in Long Blades
  5160 | D:5      | Reached skill level 5 in Dodging
  5163 | D:5      | Killed Dowan
  5290 | D:4      | Reached skill level 5 in Fighting
  5290 | D:4      | Reached XP level 8. HP: 68/68 MP: 7/7
  5873 | D:6      | Found a sand-covered staircase.
  5879 | Ossuary  | Entered an ossuary
  5921 | Ossuary  | Reached skill level 8 in Long Blades
  5982 | Ossuary  | Reached skill level 5 in Armour
  6178 | Ossuary  | Reached skill level 9 in Long Blades
  6351 | D:6      | Found a staircase to the Ecumenical Temple.
  6364 | Temple   | Entered the Ecumenical Temple
  6503 | Temple   | Became a worshipper of Warmaster Okawaru
  6876 | D:6      | Found a burning altar of Makhleb.
  6981 | D:6      | Reached XP level 9. HP: 70/74 MP: 8/8
  7363 | D:7      | Reached skill level 10 in Long Blades
  7505 | D:7      | Reached * piety under Okawaru
  7967 | D:7      | Found a stormy altar of Qazlal.
  8019 | D:8      | Noticed Psyche
  8035 | D:8      | Killed Psyche
  8036 | D:8      | Reached skill level 11 in Long Blades
  8159 | D:8      | Noticed a two-headed ogre
  8170 | D:8      | Killed a two-headed ogre
  8170 | D:8      | Reached ** piety under Okawaru
  8171 | D:8      | Reached skill level 12 in Long Blades
  8183 | D:8      | Reached XP level 10. HP: 32/81 MP: 2/9
  8440 | D:8      | Found a sacrificial altar of Ru.
  9026 | D:9      | Reached skill level 1 in Invocations
  9076 | D:9      | Reached *** piety under Okawaru
  9186 | D:9      | Found Pimiust's Assorted Antiques.
  9959 | D:9      | Reached skill level 13 in Long Blades
 10012 | D:9      | Found Hiweh's Magic Scroll Shop.
 10020 | D:9      | Bought a scroll of vulnerability for 120 gold pieces
 10022 | D:9      | Identified a scroll of acquirement
 10022 | D:9      | Acquired a manual of Throwing
 10067 | D:9      | Found a staircase to the Orcish Mines.
 10190 | D:10     | Entered Level 10 of the Dungeon
 10200 | D:10     | Noticed Urug
 10225 | D:10     | Slain by Urug

Illustrated notes

Levels and vault maps discovered:
D:1:      lightli_molten_gateway, layout_basic
D:2:      layout_loops_cross, lemuel_round_altar, kennysheep_generic_room_9,
          uniq_sigmund
D:3:      layout_basic, lemuel_round_altar, lemuel_coloured_pillars_altar,
          nicolae_overflow_crystal_walls, uniq_crazy_yiuf_cottage, uniq_ijyb,
          uniq_robin
D:4:      layout_cave_pools
D:5:      layout_gridville, serial_shops, kennysheep_mini, uniq_duvessa
D:6:      layout_gridville, makhleb_grotto_becter, minmay_temple_entry_tees,
          nicolae_ossuary_entry_catacombs
D:7:      layout_basic, general_overflow_altar
D:8:      layout_loops_ring, nicolae_ru_awakened_eye, uniq_psyche
D:9:      layout_loops_ring, orc_0_dummy, serial_shops, shop,
          nicolae_shop_waterfront
D:10:     minmay_curly_fans, layout_gridville, basic_altar, enter_bailey_2,
          uniq_urug
Temple:   kb_temple_of_zot

Skill      XL: |  1  2  3  4  5  6  7  8  9 10 |
---------------+-------------------------------+-----
Short Blades   | 1 3 4 |  4.1
Fighting       | 3 4 5 |  5.5
Long Blades    | 4 5 6 7 9 12 13 | 13.1
Armour         | 1 2 3 4 6 8 9 |  9.2
Dodging        | 4 5 |  5.6
Invocations    | 2 |  2.4
Crossbows      | |  0.4
Throwing       | |  2.3

Action                   |  1- 3 |  4- 6 |  7- 9 | 10-12 || total
-------------------------+-------+-------+-------+-------++-------
Melee: Long sword        |    78 |    53 |   252 |   105 ||   488
       Headbutt          |    17 |    24 |    91 |    14 ||   146
       Dagger            |       |    84 |   121 |       ||   205
 Fire: Arbalest          |       |       |       |     2 ||     2
Throw: Dart              |     1 |       |       |       ||     1
Invok: Heroism           |       |       |     1 |     1 ||     2
  Use: Scroll            |     5 |       |     8 |     2 ||    15
Armor: Leather armour    |    10 |       |       |       ||    10
       Chain mail        |    35 |    69 |   126 |       ||   230
       Plate armour      |       |       |    35 |    50 ||    85
Dodge: Dodged            |    57 |    74 |   151 |    37 ||   319
       Rpst.: Long sword |    15 |     9 |    29 |     8 ||    61

Table legend: (Time is in decaauts)
 A = Elapsed time spent in this place.
 B = Non-inter-level travel time spent in this place.
 C = Inter-level travel time spent in this place.
 D = Time resting spent in this place.
 E = Time spent auto-exploring this place.
 F = Levels seen in this place.
 G = Mean time per level.
                   A        B        C        D        E       F      G
               +--------+--------+--------+--------+--------+-----+--------+
         Total |  10149 |   9095 |   1054 |   1580 |   5890 |  12 |  845.8 |
       Dungeon |   9573 |   8561 |   1012 |   1580 |   5517 |  10 |  957.3 |
        Temple |    168 |    126 |     42 |      0 |    122 |   1 |  168.0 |
       Ossuary |    406 |    406 |      0 |      0 |    251 |   1 |  406.0 |
               +--------+--------+--------+--------+--------+-----+--------+

Top non-repeatable levels by time:
     D:1: 1885 daAuts
     D:3: 1346 daAuts
     D:8: 1049 daAuts
     D:6: 1016 daAuts
     D:2: 970 daAuts
     D:5: 891 daAuts
     D:7: 825 daAuts
     D:9: 806 daAuts
     D:4: 751 daAuts
 Ossuary: 406 daAuts
  Temple: 168 daAuts
    D:10: 29 daAuts
